AoeStats
← Dinoponerg

Arabian Desert

510125312Analyzed
1v1 RM · 4d ago on Sep 29, 2026· 38m 8s· 2 players
Game mode
Random Map
Map size
Tiny (2 player)
Population
200
Speed
Normal
Resources
Standard
Victory
Conquest
Starting age
Dark Age
Ending age
Imperial Age
RankedLock teamsTeams togetherTeam positionsShared explorationLock speedFull tech treeHidden civsTurbo modeCheats
Victory
Defeat
🇷🇺 Franks · Russia
637
+14
🇦🇷 Burgundians · Argentina
593
-14
Dinoponerg
11:18 Feudal Age
9:34 Loom
19:54 Castle Age
26:17 Cavalier
33:39 Imperial Age
31:09 Horse Collar
31:17 Double-Bit Axe
m1xDew
10:23 Feudal Age
11:21 Double-Bit Axe
15:56 Loom
16:46 Wheelbarrow
16:22 Gold Mining
18:13 Stone Mining
23:23 Scale Barding Armor
23:30 Forging
24:40 Fletching
24:51 Padded Archer Armor
29:40 Castle Age
30:43 Crossbowman
32:27 Iron Casting
32:13 Chain Barding Armor
31:49 Bodkin Arrow
35:32 Leather Archer Armor
Connection lost

Rejoining the realm…

Still unreachable

The connection could not be restored.

Session expired

The server has moved on; the page needs a fresh start.